 Dungeon Crawl Stone Soup version 0.26-a0-52-gd53d4cd058 (webtiles) character file.

Game seed: 13240819617540295977

1290 cultivahabas the Shield-Bearer (level 8, -1/50 HPs)
             Began as a Gargoyle Fighter on June 5, 2020.
             Killed from afar by a steam dragon (10 damage)
             ... with a ball of steam
             ... on level 6 of the Dungeon.
             The game lasted 00:17:46 (5567 turns).

cultivahabas the Shield-Bearer (Gargoyle Fighter)   Turns: 5567, Time: 00:17:46

Health: -1/50      AC: 19    Str: 22    XL:     8   Next: 55%
Magic:  8/8        EV:  5    Int:  9    God:
Gold:   407        SH: 10    Dex:  9    Spells: 7/7 levels left

rFire    . . .     SeeInvis .   a - +0 flail
rCold    . . .     Gourm    .   c - +0 kite shield
rNeg     + . .     Faith    .   w - +0 plate armour
rPois    ∞         Spirit   .   e - +0 helmet
rElec    +         Reflect  .   (no cloak)
rCorr    .         Harm     .   (no gloves)
MR       .....                  (no boots)
Stlth    ..........             (no amulet)
HPRegen  0.16/turn              (no ring)
MPRegen  0.11/turn              (no ring)

@: mighty
A: negative energy resistance 1, electricity resistance, unbreathing,
petrification resistance, rot immunity, AC +5
a: no special abilities


You were on level 6 of the Dungeon.
You were not hungry.

You visited 1 branch of the dungeon, and saw 6 of its levels.

You collected 407 gold pieces.

Inventory:

Hand Weapons
 a - a +0 flail (weapon)
Armour
 c - a +0 kite shield (worn)
 e - a +0 helmet (worn)
 w - a +0 plate armour (worn)
Jewellery
 i - an uncursed amulet of the acrobat {unknown}
 l - an uncursed amulet of guardian spirit {unknown}
 y - a +6 ring of intelligence {unknown}
 A - a cursed ring of attention {unknown}
 D - a +4 ring of protection {unknown}
Wands
 q - a wand of flame (19)
 x - a wand of iceblast (8)
 B - a wand of random effects (25)
Scrolls
 b - a scroll of noise {unknown}
 g - a scroll of magic mapping {unknown}
 j - 5 scrolls of identify {unknown}
 p - a scroll of fog {unknown}
 r - 2 scrolls of random uselessness {unknown}
 s - a scroll of enchant weapon {unknown}
 t - 2 scrolls of amnesia {unknown}
 u - a scroll of fear {unknown}
 v - 4 scrolls of remove curse {unknown}
 z - a scroll of enchant armour {unknown}
 F - a scroll of teleportation {unknown}
 I - a scroll of blinking {unknown}
Potions
 h - a potion of ambrosia {unknown}
 k - 2 potions of cancellation {unknown}
 m - 3 potions of degeneration {unknown}
 n - 2 potions of flight {unknown}
 o - 3 potions of curing {unknown}
 C - a potion of lignification {unknown}
 E - 2 potions of berserk rage {unknown}
 G - a potion of invisibility {unknown}
 H - 2 potions of magic {unknown}
Comestibles
 f - 12 rations
 J - 2 chunks of flesh


   Skills:
 + Level 5.4 Fighting
 * Level 6.1 Maces & Flails
 + Level 5.5 Armour
 * Level 7.2 Shields


You had 7 spell levels left.
You didn't know any spells.
Your spell library contained the following spells:

 Spells                   Type           Power        Failure   Level  Hunger
 Beastly Appendage        Tmut           #.....       100%        1    ##.....
 Sticks to Snakes         Tmut           #.......     100%        2    ###....
 Spider Form              Tmut/Pois      #.........   100%        3    ####...
 Ice Form                 Ice/Tmut       #.......     100%        4    #####..
 Blade Hands              Tmut           #.........   100%        5    ######.


Dungeon Overview and Level Annotations

Branches:
Dungeon (6/15)
 Temple: D:4-7

Altars:
Gozag
Kikubaaqudgha
Makhleb
Qazlal

Shops:
D:6 [


Innate Abilities, Weirdness & Mutations

You are resistant to torment.
Your stone body is resilient. (AC +5)
You are immune to poison.
You resist negative energy. (rN+)
You are resistant to electric shocks. (rElec)
You can survive without breathing.
You are immune to petrification.
You are immune to rotting.


Message History

Really walk into that cloud of steam?
Okay, then.
You feel very mighty all of a sudden.
You sock the steam dragon!
The steam dragon is heavily wounded.
The walls and floor vibrate strangely for a moment.
You block the steam dragon's attack.
The steam dragon claws you but does no damage.
Your plate armour prevents you from hitting the steam dragon.
The steam dragon is heavily wounded.
The steam dragon barely misses you. You block the steam dragon's attack.
You sock the steam dragon!
The steam dragon is almost dead.
The steam dragon barely misses you.
The steam dragon claws you but does no damage.
You closely miss the steam dragon.
The steam dragon is almost dead.
The steam dragon breathes steam at you. The ball of steam hits you!
You die...

#..###########
######........#..8#
................._#
########........#..8#
#...............#####
.#####.######### #..#
#### ##.# ≈≈≈#####@#
..≈≈§##D# #..§§§#D#
#..8§§#.# #.§...#.#
#...##.# ##.##..#
#.....## ##...##


You could see 2 steam dragons.

Vanquished Creatures
  2 phantoms
  An ogre (D:6)
  A centaur (D:5)
  3 bullfrogs
  4 howler monkeys
  2 crimson imps (D:6)
  2 hounds (D:5)
  Crazy Yiuf (D:2)
  A gnoll shaman (D:5)
  Terence (D:2)
  2 orc wizards
  3 worker ants
  5 gnolls (D:5)
  9 adders
  4 oozes
  2 adder skeletons
  An adder zombie (D:5)
  3 worms
  5 dart slugs
  4 leopard geckos
  19 orcs
  3 giant cockroaches
  3 goblins
  7 hobgoblins
  7 jackals
  6 kobolds
  5 quokkas
  4 bats
  4 frilled lizards
  6 rats
120 creatures vanquished.

Notes
Turn   | Place    | Note
-------+----------+-------------------------------------------
     0 | D:1      | cultivahabas the Gargoyle Fighter began the quest for the
                  | Orb.
     0 | D:1      | Reached XP level 1. HP: 14/14 MP: 1/1
    23 | D:1      | Reached XP level 2. HP: 10/19 MP: 2/2
   294 | D:1      | Reached XP level 3. HP: 23/23 MP: 3/3
   990 | D:2      | Reached skill level 4 in Shields
  1067 | D:2      | Reached XP level 4. HP: 29/29 MP: 4/4
  1077 | D:2      | Found a burning altar of Makhleb.
  1397 | D:2      | Noticed Terence
  1409 | D:2      | Killed Terence
  1590 | D:2      | Found a runed translucent door.
  1591 | D:2      | Noticed Crazy Yiuf
  1795 | D:2      | Killed Crazy Yiuf
  1795 | D:2      | Reached XP level 5. HP: 31/33 MP: 5/5
  2591 | D:3      | Reached XP level 6. HP: 33/38 MP: 6/6
  2845 | D:4      | Noticed a phantom
  2877 | D:3      | Reached skill level 5 in Shields
  2883 | D:3      | Killed a phantom
  3629 | D:4      | Reached XP level 7. HP: 44/44 MP: 7/7
  3767 | D:5      | Entered Level 5 of the Dungeon
  4092 | D:5      | Reached skill level 5 in Maces & Flails
  4092 | D:5      | Reached skill level 6 in Shields
  4558 | D:5      | Found an ancient bone altar of Kikubaaqudgha.
  4669 | D:5      | Reached skill level 5 in Fighting
  4669 | D:5      | Reached skill level 5 in Armour
  4682 | D:5      | Found a stormy altar of Qazlal.
  4985 | D:6      | Reached XP level 8. HP: 49/49 MP: 8/8
  5262 | D:6      | Found Ryam's Antique Armour Shop.
  5302 | D:6      | Reached skill level 7 in Shields
  5499 | D:6      | Found an opulent altar of Gozag.
  5567 | D:6      | Killed from afar by a steam dragon

Illustrated notes

Levels and vault maps discovered:
D:1:      enne_arrival_octagon_isle, layout_basic
D:2:      layout_loops_ring, nicolae_overflow_hidden_temple, first_ration,
          kennysheep_generic_room_15, uniq_crazy_yiuf_cottage, uniq_terence
D:3:      layout_basic
D:4:      layout_loops_ring
D:5:      layout_loops_ring, grunt_qazlal_sundering, kennysheep_mini
D:6:      cheibrodos_steamvent, layout_basic, grunt_gozag_breadcrumbs,
          eat_drink_and_be_merry_uskayaw, gup_sewer_entry_pipe, serial_shops,
          kennysheep_little_box, nicolae_good_shop, uniq_edmund

Skill      XL: |  1  2  3  4  5  6  7  8 |
---------------+-------------------------+-----
Shields        | 4 5 6 7 |  7.2
Maces & Flails | 3 4 5 6 |  6.1
Fighting       | 4 5 |  5.4
Armour         | 4 5 |  5.5

Action                   |  1- 3 |  4- 6 |  7- 9 || total
-------------------------+-------+-------+-------++-------
Melee: Flail             |   109 |   227 |   256 ||   592
  Use: Potion            |       |       |     1 ||     1
  Eat: Chunk             |     1 |     8 |     7 ||    16
Armor: Scale mail        |    63 |   102 |    46 ||   211
       Plate armour      |       |       |   104 ||   104
Dodge: Dodged            |    32 |    54 |    53 ||   139
Block: Kite shield       |    73 |   104 |   153 ||   330

Table legend:
 A = Non-vault XP
 B = Vault XP
 C = Vault XP percentage of total XP
 D = Non-vault monster count
 E = Vault monster count
 F = Vault count percentage of total count
                 A         B        C        D         E       F
            +---------+---------+-------+---------+---------+-------
      Total |    1765 |      79 |   4.3 |     117 |       3 |   2.5
            +---------+---------+-------+---------+---------+-------
        D:1 |      54 |       0 |   0.0 |      20 |       0 |   0.0
        D:2 |      51 |      79 |  60.8 |      19 |       3 |  13.6
        D:3 |     299 |       0 |   0.0 |      33 |       0 |   0.0
        D:4 |     139 |       0 |   0.0 |       7 |       0 |   0.0
        D:5 |     523 |       0 |   0.0 |      19 |       0 |   0.0
        D:6 |     699 |       0 |   0.0 |      19 |       0 |   0.0
            +---------+---------+-------+---------+---------+-------
